 Dungeon Crawl Stone Soup version 0.27-a0-394-g49c82dfaf2 (webtiles) character file.

Game seed: 10786470706509644537

65 sahdkjhfkaj the Magician (level 3, -2/19 HPs)
             Began as a Deep Elf Hedge Wizard on Feb 20, 2021.
             Slain by Grinder (4 damage)
             ... on level 3 of the Dungeon.
             The game lasted 00:03:41 (3086 turns).

sahdkjhfkaj the Magician (Deep Elf Hedge Wizard)    Turns: 3086, Time: 00:03:42

Health: -2/19      AC:  9    Str:  7    XL:     3   Next: 94%
Magic:  1/13       EV: 13    Int: 19    God:
Gold:   85         SH:  0    Dex: 14    Spells: 8/15 levels left

rFire    . . .     SeeInvis .   a - +2 dagger (venom)
rCold    . . .     Faith    .   (no shield)
rNeg     . . .     Spirit   .   b - +0 robe
rPois    .         Reflect  .   c - +0 hat
rElec    .         Harm     .   (no cloak)
rCorr    .         Rampage  .   (no gloves)
Will     .....                  p - +2 pair of boots
Stlth    ++........             (no amulet)
HPRegen  0.06/turn              d - +4 ring of protection
MPRegen  0.13/turn              j - +4 ring of slaying

@: no status effects
A: no striking features
a: no special abilities


You were on level 3 of the Dungeon.
You visited 1 branch of the dungeon, and saw 3 of its levels.

You collected 85 gold pieces.

Inventory:

Hand Weapons
 a - a +2 dagger of venom (weapon)
Armour
 b - a +0 robe (worn)
 c - a +0 hat (worn)
 p - a +2 pair of boots (worn)
Jewellery
 d - a +4 ring of protection (left hand)
 j - a +4 ring of slaying (right hand)
 s - a ring of flight
Wands
 r - a wand of charming (3)
Scrolls
 e - 2 scrolls of identify {!r, unknown}
 f - 2 scrolls of amnesia {!r, unknown}
 g - a scroll of magic mapping {!r, unknown}
 i - a scroll of fear {!r, unknown}
 n - a scroll of blinking {!r, unknown}
 q - a scroll of enchant armour {!r, unknown}
 t - a scroll of teleportation {!r, unknown}
Potions
 h - a potion of berserk rage {!q, unknown}
 k - a potion of resistance {!q, unknown}
 l - 2 potions of degeneration {!q, unknown}
 m - a potion of brilliance {!q, unknown}
 o - 4 potions of might {!q, unknown}
 u - a potion of attraction {!q, unknown}


   Skills:
 - Level 2.4 Dodging
 - Level 2.4 Stealth
 + Level 6.7 Spellcasting
 - Level 1.1 Conjurations
 - Level 1.1 Summonings
 - Level 1.1 Translocations


You had 8 spell levels left.
You knew the following spells:

 Your Spells              Type           Power        Failure   Level
a - Magic Dart            Conj           40%          7%          1
s - Slow                  Hex            6%           16%         2
A - Call Imp              Summ           10%          10%         2
B - Blink                 Tloc           N/A          10%         2

Your spell library contained the following spells:

 Spells                   Type           Power        Failure   Level
 Conjure Flame            Conj/Fire      8%           26%         3
 Mephitic Cloud           Conj/Pois/Air  7%           26%         3


Dungeon Overview and Level Annotations

Branches:
Dungeon (3/15)

Altars:
Nemelex Xobeh
Trog
Yredelemnul

Annotations:
D:3 Grinder


Message History

Grinder is severely wounded.
Unknown command.
Casting: Magic Dart (safe; 7% risk of failure)
Confirm with . or Enter, or press ? or * to list all spells.
Aiming: Magic Dart (safe; 7% risk of failure)
Press: ? - help, Shift-Dir - straight line, f/p - Grinder
Aim: Grinder (severely wounded, ally target, 0% to evade)
The magic dart hits Grinder.
Grinder is severely wounded.
Grinder grins, showing sharp teeth.
Grinder gestures at you.
You suddenly lose the ability to move!
Your crimson imp blinks!
Grinder says, "Wait up."
Grinder gestures at you.
Your iron imp suddenly stops moving!
Grinder hits your iron imp.
Your crimson imp blinks!
Grinder hits your iron imp. x2
You can move again.
Unknown command.
Unknown command.
Unknown command.
Grinder blinks!
Grinder says, "Mostly I couldn't keep them alive."
Unknown command.
Unknown command.
Grinder gestures at you. Pain shoots through your body!
* * * LOW HITPOINT WARNING * * *
Unknown command.
Grinder barely misses you.
Unknown command.
Unknown command.
You hit Grinder.
Grinder is severely wounded.
Your crimson imp barely misses Grinder.
Grinder hits you.
* * * LOW HITPOINT WARNING * * *
You writhe in agony.
You die...

# ## #.# ......
##.### #...........#
##.##.#...#.. ...._.
.... .. #.##.# ..#
... #.##.##.###.#.
..#.####5....?.......
.......@5##.#.....#.#
....####5##.#.....#.#
. ##.##..........
#.#.# #.).##......#.#
#....## #...........#
# #.....##
#...##†....##. .
#.....#
##..†<........#
..###....#
#.#####...####
.#..^.... #.##


You could see Grinder (ally target), a friendly iron imp (summoned, paralysed)
and a friendly crimson imp (summoned).

Vanquished Creatures
  An ooze (D:1)
  2 dart slugs
  3 bats
  A giant cockroach (D:2)
  4 hobgoblins
  2 kobolds
  A ball python (D:2)
  9 frilled lizards
  A goblin (D:1)
  6 rats
30 creatures vanquished.

Vanquished Creatures (collateral kills)
  Jessica (D:3)
  2 adders
  A worm (D:2)
  A hobgoblin (D:2)
5 creatures vanquished.

Grand Total: 35 creatures vanquished

Notes
Turn   | Place    | Note
-------+----------+-------------------------------------------
     0 | D:1      | sahdkjhfkaj the Deep Elf Hedge Wizard began the quest for
                  | the Orb.
     0 | D:1      | Reached XP level 1. HP: 10/10 MP: 7/7
    55 | D:1      | You fall into a shaft and drop 1 floor!
   342 | D:1      | Reached skill level 5 in Spellcasting
   471 | D:1      | Reached XP level 2. HP: 15/15 MP: 3/10
   477 | D:1      | Learned a level 2 spell: Blink
   483 | D:1      | Learned a level 2 spell: Call Imp
   486 | D:1      | Learned a level 2 spell: Slow
  1731 | D:2      | Reached XP level 3. HP: 19/19 MP: 7/12
  1750 | D:2      | Reached skill level 6 in Spellcasting
  2010 | D:2      | Found a sparkling altar of Nemelex Xobeh.
  2527 | D:2      | Found a bloodstained altar of Trog.
  2616 | D:3      | Noticed Grinder
  2652 | D:3      | Noticed Jessica
  2657 | D:3      | Killed Jessica
  3052 | D:3      | Found a basalt altar of Yredelemnul.
  3052 | D:3      | Paralysed by Grinder for 5 turns
  3058 | D:3      | Paralysed by Grinder for 4 turns
  3068 | D:3      | Paralysed by Grinder for 4 turns
  3077 | D:3      | Paralysed by Grinder for 5 turns
  3086 | D:3      | Slain by Grinder

Illustrated notes

Levels and vault maps discovered:
D:1:      elethiomel_arrival_shortcut, layout_loops_corners, minmay_lizard_pond
D:2:      layout_loops_corners, lemuel_coloured_pillars_altar,
          nemelex_xobeh_ov_fountains_minmay
D:3:      layout_loops_ring, overflow_temple_1_default,
          grunt_temple_overflow_open, uniq_grinder, uniq_jessica, uniq_ijyb,
          uniq_crazy_yiuf_cottage

Skill      XL: |  1  2  3 |
---------------+----------+-----
Spellcasting   | 5 6 |  6.7
Dodging        | |  2.4
Stealth        | |  2.4
Conjurations   | |  1.1
Summonings     | |  1.1
Translocations | |  1.1

Action                   || total
-------------------------++-------
Melee: Dagger            ||     2
 Cast: Magic Dart        ||    91
       Call Imp          ||    13
       Slow              ||     1
Armor: Robe              ||    13
Dodge: Dodged            ||    21

Table legend: (Time is in decaauts)
 A = Elapsed time spent in this place.
 B = Non-inter-level travel time spent in this place.
 C = Inter-level travel time spent in this place.
 D = Time resting spent in this place.
 E = Time spent auto-exploring this place.
 F = Levels seen in this place.
 G = Mean time per level.
                   A        B        C        D        E       F      G
               +--------+--------+--------+--------+--------+-----+--------+
         Total |   3085 |   2851 |    234 |     77 |   2506 |   3 | 1028.3 |
       Dungeon |   3085 |   2851 |    234 |     77 |   2506 |   3 | 1028.3 |
               +--------+--------+--------+--------+--------+-----+--------+

Top non-repeatable levels by time:
     D:2: 1767 daAuts
     D:1: 1125 daAuts
     D:3: 192 daAuts
